 Dungeon Crawl Stone Soup version 0.30-a0-1018-g25214051b3 (webtiles) character file.

Game seed: 14693095297999823970

68079 freelancePsychic the Skirmisher (level 14, -9/127 HPs)
             Began as a Demigod Gladiator on Apr 6, 2023.
             Mangled by a boulder beetle (33 damage)
             ... on level 13 of the Dungeon on Apr 7, 2023.
             The game lasted 00:45:56 (19518 turns).

freelancePsychic the Skirmisher (DgGl)             Turns: 19518, Time: 00:45:56

Health: -9/127     AC: 13    Str: 15    XL:     14   Next: 45%
Magic:  26/31      EV: 15    Int: 22    God:
Gold:   1049       SH:  0    Dex: 22    Spells: 3/19 levels left

rFire   . . .      SeeInvis .    a - +6 arbalest "Damnation" {damnation}
rCold   + . .      Faith    .    (shield currently unavailable)
rNeg    . . .      Spirit   .    V - +0 steam dragon scales
rPois   .          Reflect  .    h - +2 hat {Stlth+}
rElec   .          Rampage  .    x - +2 cloak {rCorr}
rCorr   +                        (no gloves)
Will    +....                    n - +2 pair of boots
Stlth   +++                      K - amulet "Ceadottyji" {Fragile Regen+ MP+9 Dex+3}
HPRegen 1.21/turn                A - ring of protection from cold
MPRegen 0.22/turn                U - ring of flight

@: flying
A: high MP 1, forlorn, divine attributes
a: no special abilities


You were on level 13 of the Dungeon.
You visited 2 branches of the dungeon, and saw 18 of its levels.
You also visited: Bailey and Ice Cave.

You collected 1244 gold pieces.
You spent 195 gold pieces at shops.

Inventory:

Hand Weapons
 a - the +6 arbalest "Damnation" (weapon) {damnation}
   (You took it off a centaur warrior on level 8 of the Dungeon)
 b - a +3 arbalest of freezing
Missiles
 e - 3 throwing nets
 i - 15 poisoned darts
 o - 2 atropa-tipped darts
 r - 9 javelins
 s - 13 boomerangs
Armour
 h - a +2 hat of stealth (worn)
 n - a +2 pair of boots (worn)
 p - a scarf of resistance
 x - a +2 cloak of preservation (worn)
 V - +0 steam dragon scales (worn)
Jewellery
 A - a ring of protection from cold (left hand)
 H - a ring of resist corrosion
 K - the amulet "Ceadottyji" (around neck) {Fragile Regen+ MP+9 Dex+3}
   (You took it off a centaur warrior on level 8 of the Dungeon)

   [amulet of regeneration]

   Dex:       It affects your dexterity (+3).
   MP:        It affects your magic capacity (+9).
   Regen:     It increases your rate of health regeneration.
   Fragile:   It will be destroyed if unequipped.
 O - an amulet of reflection
 P - an amulet of regeneration
 S - a ring of protection from cold
 U - a ring of flight (right hand)
 X - a ring of ice
 Z - an amulet of guardian spirit
Wands
 v - a wand of mindburst (12)
 w - a wand of roots (4)
 B - a wand of polymorph (25)
 C - a wand of flame (36)
 N - a wand of charming (23)
 Y - a wand of digging (18)
Scrolls
 c - 4 scrolls of teleportation {@r4}
 j - 3 scrolls of noise
 k - 5 scrolls of poison
 q - 2 scrolls of vulnerability
 u - a scroll of fog
 y - 3 scrolls of enchant armour
 z - a scroll of immolation
 I - 2 scrolls of blinking
 Q - a scroll of amnesia
Potions
 d - 5 potions of magic
 f - 4 potions of attraction
 g - 3 potions of brilliance
 l - 11 potions of curing {@q1}
 m - 4 potions of mutation
 t - 7 potions of heal wounds {unknown}
 D - a potion of ambrosia {unknown}
 E - 3 potions of haste {@q3}
 F - a potion of flight {unknown}
 G - a potion of berserk rage {unknown}
 J - 5 potions of might {unknown}
 L - 2 potions of degeneration {unknown}
 R - a potion of lignification
 T - 2 potions of resistance {unknown}
 W - 2 potions of cancellation


   Skills:
 + Level 12.8 Fighting
 - Level 3.1 Long Blades
 * Level 14.6 Ranged Weapons
 - Level 1.7 Throwing
 - Level 4.5 Dodging
 - Level 1.3 Stealth
 - Level 4.0 Shields
 - Level 3.3 Spellcasting
 + Level 9.0 Conjurations
 + Level 8.3 Translocations
 - Level 4.9 Transmutations
 - Level 2.6 Earth Magic


You had 3 spell levels left.
You knew the following spells:

 Your Spells              Type           Power      Damage    Failure   Level
a - Blink                 Tloc           80%        N/A       1%          2
b - Momentum Strike       Conj/Tloc      84%        3d10      1%          2
c - Stone Arrow           Conj/Erth      58%        3d10      3%          3
d - Iskenderun's Mystic   Conj/Tloc      42%        2d10      3%          4
h - Irradiate             Conj/Tmut      17%        3d17      19%         5

Your spell library contained the following spells:

 Spells                   Type           Power      Damage    Failure   Level
 Lesser Beckoning         Tloc           80%        N/A       1%          2
 Static Discharge         Conj/Air       46%        2-4/arc   2%          2
 Wereblood                Tmut           25%        N/A       2%          2
 Passwall                 Tmut/Erth      16%        N/A       3%          2
 Sandblast                Erth           30%        2d9       4%          1
 Dazzling Flash           Conj/Hex       46%        N/A       5%          3
 Vhi's Electric Charge    Tloc/Air       44%        N/A       6%          3
 Volatile Blastmotes      Fire/Tloc      44%        2d13      6%          3
 Cigotuvi's Dreadful Rot  Necr/Pois/Air  6%         N/A       19%         2
 Sublimation of Blood     Necr           3%         N/A       19%         2
 Ignite Poison            Fire/Tmut/Pois 10%        N/A       19%         3
 Petrify                  Tmut/Erth      20%        N/A       26%         4
 Arcjolt                  Conj/Air       11%        1d21      45%         5
 Freezing Cloud           Conj/Ice/Air   8%         6-21      67%         5
 Airstrike                Air            1%         2d(1-17)  75%         4
 Summon Lightning Spire   Summ/Air       3%         N/A       75%         4
 Starburst                Conj/Fire      11%        6d5       96%         6
 Plasma Beam              Fire/Air       1%         2x1d12    100%        6
 Summon Hydra             Summ           1%         N/A       100%        7


Dungeon Overview and Level Annotations

Branches:
Dungeon (13/15)            Temple (0/1) D:7            Lair (5/5) D:10
 Shoals (0/4) Lair:3       Spider (0/4) Lair:2        Slime (0/5) Lair:4
    Orc (0/2) D:12         Bailey (visited)           IceCv (visited)
 Vaults: D:13-14

Shops:
D:2 [*   D:3 (

Annotations:
D:10 exclusion: statue


Innate Abilities, Weirdness & Mutations

You have an increased reservoir of magic. (+10% MP)
You shall have no god before yourself.
Your divine heritage dramatically boosts your attributes as you level up.


Message History

* * * LOW HITPOINT WARNING * * *
The centaur warrior shoots an arrow.
The arrow closely misses you.
Fire: a) +6 arbalest "Damnation" {damnation}
Press: ? - help, Shift-Dir - straight line, f - centaur warrior
Aim: a centaur warrior, wielding a +0 shortbow (moderately wounded, 79% to hit)
You shoot a damnation bolt.
The damnation bolt hits the centaur warrior!
The centaur warrior is heavily wounded.
The damnation bolt explodes!
The damnation engulfs the centaur warrior!!
The centaur warrior is almost dead.
The damnation engulfs the vault guard.
The vault guard is heavily wounded.
The damnation engulfs the howler monkey!
The howler monkey is severely wounded.
You hear a shout!
The centaur warrior shoots an arrow.
The arrow hits you.
* * * LOW HITPOINT WARNING * * *
A boulder beetle comes into view.
The howler monkey hoots and howls with incredible vigour!
The centaur warrior shoots an arrow.
The arrow misses you.
You hear a shout! x5
Fire: a) +6 arbalest "Damnation" {damnation}
Press: ? - help, Shift-Dir - straight line, f - howler monkey, p - centaur warrior
Aim: a howler monkey (severely wounded, 73% to hit)
You shoot a damnation bolt.
The damnation bolt hits the howler monkey.
You kill the howler monkey!
The damnation bolt explodes!
The damnation engulfs the vault guard!!
The vault guard is moderately wounded.
The damnation engulfs the centaur warrior!
You kill the centaur warrior!
The damnation engulfs the vault guard!
The vault guard is severely wounded.
You hear a shout!
A vault guard comes into view. It is wielding a +0 broad axe.
The boulder beetle curls into a ball and begins rolling!
As you read the scroll of summoning, it crumbles to dust.
Wisps of shadow whirl around you... The boulder beetle hits you!!
You die...

......#...†)......#
..........)......#
.......?..)......###.
........)..).........
........†..Cp...°#
#...........°#### #.
#...........○...# ..
#.........p.B##.#.#
#.........p.@†#...#.#
#############hu.....#
#y####### #.#...<#
#.#.#### #y#.# #..[#
#####


You could see a boulder beetle (rolling, ally target), 3 vault guards, a
cyclops, a friendly brown ugly thing (summoned), 2 friendly vampire mosquitoes
and a friendly howler monkey (summoned).

Vanquished Creatures
  A reaper (IceCv)
  Fannar (Lair:1)
  A vault guard (D:13)
  2 catoblepae
  2 boulder beetles
  4 hydras
  13 death yaks
  2 centaur warriors
  A deep troll shaman (Lair:5)
  5 two-headed ogres
  Urug (D:10)
  Amaemon (Lair:1)
  A lindwurm (Lair:5)
  2 deep elf pyromancers
  3 ugly things (D:12)
  3 cyclopes
  A manticore (D:12)
  22 elephants
  A merfolk siren (Lair:3)
  2 ice statues (IceCv)
  A gargoyle (D:8)
  3 black mambas
  An orange demon (Lair:1)
  18 cane toads
  Maggie (D:10)
  A rime drake (shapeshifter) (D:13)
  5 kobold demonologists
  11 komodo dragons
  5 ice devils (IceCv)
  2 anaconda simulacra (IceCv)
  2 rime drakes (Lair:5)
  4 trolls
  A freezing wraith (IceCv)
  7 polar bears
  4 meliai
  9 blink frogs
  3 hornets
  Sigmund (D:6)
  21 yaks
  6 shadows
  A spriggan (Bailey)
  A dire elephant simulacrum (IceCv)
  A vampire (D:13)
  A wraith (D:12)
  4 basilisks
  A wyvern (Lair:5)
  10 vampire mosquitoes
  3 acid dragons
  11 water moccasins
  2 sky beasts
  A black bear (D:7)
  2 orc warriors
  2 ice beasts
  5 centaurs
  11 ogres
  A phantom (D:5)
  11 wolves
  4 kobold brigands
  17 bullfrogs
  3 scorpions
  2 gnoll sergeants
  2 two-headed ogre simulacra (IceCv)
  2 cane toad simulacra (IceCv)
  14 wights
  2 troll zombies (D:12)
  22 killer bees
  4 howler monkeys
  2 hounds
  6 orc priests
  6 jellies
  Crazy Yiuf (D:3)
  A gnoll bouda (D:6)
  3 sleepcaps
  Ijyb (D:3)
  5 iguanas
  9 orc wizards
  A polar bear simulacrum (IceCv)
  A spriggan simulacrum (IceCv)
  3 wolf simulacra (IceCv)
  4 troll simulacra (IceCv)
  4 ogre zombies (D:12)
  Robin (D:3)
  6 adders
  13 gnolls
  A naga simulacrum (IceCv)
  A shadow imp (D:7)
  6 white imps
  5 ufetubi
  4 worms
  3 dart slugs
  34 orcs
  6 ball pythons
  6 bats
  6 endoplasms
  4 giant cockroaches
  22 goblins
  6 hobgoblins
  15 kobolds
  6 quokkas
  2 frilled lizards
  4 goblin zombies (D:12)
  A hobgoblin zombie (D:12)
  14 orc zombies (D:12)
  6 rats
534 creatures vanquished.

Vanquished Creatures (collateral kills)
  2 spriggans (Bailey)
  A steam dragon (Bailey)
3 creatures vanquished.

Vanquished Creatures (others)
  50 fungi
  94 plants
144 creatures vanquished.

Grand Total: 681 creatures vanquished

Notes
Turn   | Place    | Note
-------+----------+-------------------------------------------
     0 | D:1      | freelancePsychic the Demigod Gladiator began the quest for
                  | the Orb.
     0 | D:1      | Reached XP level 1. HP: 17/17 MP: 3/3
   136 | D:1      | Reached skill level 1 in Stealth
   136 | D:1      | Reached XP level 2. HP: 24/24 MP: 4/4
   560 | D:1      | Reached XP level 3. HP: 27/29 MP: 5/5
   983 | D:2      | Learned a level 2 spell: Momentum Strike
   999 | D:2      | Found Saggion's Armour Shop.
  1339 | D:2      | Found Vothemaiq's Assorted Antiques.
  1350 | D:2      | Bought a scroll labelled FUBOVV UNYNIP for 26 gold pieces
  1350 | D:2      | Bought a scroll labelled MUKHLE CABBO for 26 gold pieces
  1350 | D:2      | Bought a scroll labelled FUBOVV UNYNIP for 26 gold pieces
  1352 | D:2      | Identified a scroll of acquirement
  1353 | D:2      | Acquired a +2 hat of stealth
  1429 | D:2      | Reached skill level 1 in Translocations
  1699 | D:3      | Reached skill level 1 in Conjurations
  2065 | D:3      | Reached XP level 4. HP: 36/36 MP: 5/7
  2243 | D:3      | Noticed Ijyb
  2358 | D:3      | Reached skill level 1 in Spellcasting
  2397 | D:3      | Noticed Robin
  2426 | D:3      | Killed Robin
  2427 | D:3      | Reached XP level 5. HP: 35/41 MP: 6/9
  2569 | D:3      | Found Fyublog's Antique Weapon Boutique.
  2795 | D:3      | Found a runed translucent door.
  2796 | D:3      | Noticed Crazy Yiuf
  2803 | D:3      | Killed Crazy Yiuf
  3432 | D:3      | Killed Ijyb
  3433 | D:3      | Reached XP level 6. HP: 24/48 MP: 9/11
  4170 | D:4      | Learned a level 2 spell: Blink
  4247 | D:5      | Entered Level 5 of the Dungeon
  4386 | D:5      | Reached XP level 7. HP: 50/56 MP: 7/13
  5051 | D:2      | Bought a buckler for 117 gold pieces
  5235 | D:6      | Noticed Sigmund
  5243 | D:6      | Killed Sigmund
  5244 | D:6      | Reached skill level 1 in Shields
  5437 | D:6      | You fall into a shaft and drop 2 floors!
  5577 | D:8      | Reached XP level 8. HP: 48/64 MP: 11/14
  5680 | D:8      | Noticed a hornet
  5703 | D:7      | Reached skill level 5 in Translocations
  5719 | D:7      | Found a flagged portal.
  5731 | Bailey   | Entered a bailey
  5771 | Bailey   | Reached skill level 5 in Conjurations
  5942 | Bailey   | Noticed a two-headed ogre
  5950 | Bailey   | Killed a two-headed ogre
  5951 | Bailey   | Reached skill level 5 in Fighting
  5951 | Bailey   | Reached XP level 9. HP: 56/74 MP: 12/15
  8049 | D:7      | Found a staircase to the Ecumenical Temple.
  8236 | D:7      | Learned a level 3 spell: Stone Arrow
  8620 | D:8      | Reached skill level 1 in Earth Magic
  8620 | D:8      | Reached XP level 10. HP: 84/84 MP: 6/16
  8902 | D:8      | Noticed a two-headed ogre
  9412 | D:8      | Noticed a two-headed ogre
  9646 | D:8      | Noticed a cyclops
  9799 | D:8      | Identified the amulet "Ceadottyji" {Fragile Regen+ MP+9
                  | Dex+3}
  9799 | D:8      | Noticed a centaur warrior
  9809 | D:8      | Killed a centaur warrior
  9810 | D:8      | Reached skill level 2 in Ranged Weapons
 10086 | D:8      | Killed a two-headed ogre
 10087 | D:8      | Reached skill level 3 in Ranged Weapons
 10206 | D:8      | Reached skill level 4 in Ranged Weapons
 10223 | D:8      | Noticed a boulder beetle
 10235 | D:8      | Killed a boulder beetle
 10336 | D:8      | Killed a two-headed ogre
 10337 | D:8      | Reached skill level 5 in Ranged Weapons
 10337 | D:8      | Reached XP level 11. HP: 95/95 MP: 19/19
 10434 | D:8      | Noticed a deep elf pyromancer
 10441 | D:8      | Killed a deep elf pyromancer
 10442 | D:8      | Reached skill level 6 in Ranged Weapons
 10656 | D:9      | Noticed a two-headed ogre
 10658 | D:9      | Killed a two-headed ogre
 10722 | D:9      | Reached skill level 7 in Ranged Weapons
 10772 | D:9      | Noticed a two-headed ogre
 10775 | D:9      | Killed a two-headed ogre
 11179 | D:10     | Entered Level 10 of the Dungeon
 11240 | D:10     | Reached skill level 8 in Ranged Weapons
 11377 | D:10     | Noticed Maggie
 11412 | D:10     | Killed Maggie
 12099 | D:10     | Found a staircase to the Lair.
 12210 | Lair:1   | Entered Level 1 of the Lair of Beasts
 12251 | Lair:1   | Noticed Urug
 12268 | Lair:1   | Noticed a catoblepas
 12279 | Lair:1   | Noticed Fannar
 12280 | Lair:1   | Killed a catoblepas
 12281 | Lair:1   | Reached skill level 9 in Ranged Weapons
 12339 | D:10     | Killed Urug
 12366 | Lair:1   | Killed Fannar
 12367 | Lair:1   | Reached skill level 10 in Fighting
 12528 | Lair:1   | Noticed Amaemon
 12533 | Lair:1   | Reached XP level 12. HP: 106/106 MP: 20/20
 12533 | Lair:1   | Killed Amaemon
 12578 | Lair:1   | Reached skill level 10 in Ranged Weapons
 13087 | Lair:2   | Found a hole to the Spider Nest.
 13965 | Lair:3   | Reached skill level 11 in Ranged Weapons
 14412 | Lair:3   | Reached skill level 12 in Ranged Weapons
 14490 | Lair:3   | Found a staircase to the Shoals.
 14527 | Lair:3   | Reached XP level 13. HP: 116/116 MP: 21/21
 15324 | Lair:4   | Found a staircase to the Slime Pits.
 15556 | Lair:4   | Identified the +5 falchion of Qoduvoti {distort, Dex+3}
 15710 | Lair:5   | Entered Level 5 of the Lair of Beasts
 15821 | Lair:5   | Learned a level 5 spell: Irradiate
 15967 | Lair:5   | Reached skill level 1 in Transmutations
 16022 | Lair:5   | Reached skill level 13 in Ranged Weapons
 16153 | Lair:5   | Found a frozen archway.
 16163 | IceCv    | Entered an ice cave
 16292 | IceCv    | Noticed a reaper
 16381 | IceCv    | Killed a reaper
 16621 | IceCv    | Upgraded the game from 0.30-a0-1016-gfb0d676c02 to
                  | 0.30-a0-1018-g25214051b3
 16626 | IceCv    | Learned a level 4 spell: Iskenderun's Mystic Blast
 16977 | Lair:5   | Reached XP level 14. HP: 103/127 MP: 22/22
 17021 | Lair:5   | Reached skill level 14 in Ranged Weapons
 18818 | D:12     | Found a staircase to the Orcish Mines.
 19518 | D:13     | Mangled by a boulder beetle

Illustrated notes

Levels and vault maps discovered:
D:1:      wander_arrival_fairy_ring, layout_basic
D:2:      layout_basic, serial_shops, nicolae_shop_overgrown_old_shop, shop,
          ebering_ecumenical_altar_hall, hangedman_abyss_or_decor_stabs
D:3:      layout_loops_ring, okawaru_metal_pillars_3, serial_shops, shop,
          minmay_pentangle, uniq_crazy_yiuf_cottage, uniq_robin, uniq_ijyb
D:4:      layout_basic
D:5:      layout_loops_ring, kennysheep_mini_moat, kennysheep_little_box,
          mainiacjoe_overflow_alcove_4, minmay_strange_pillars
D:6:      layout_rooms, uniq_sigmund
D:7:      layout_cave_pools, minmay_temple_entry_junction_2, enter_bailey_3,
          minmay_puff
D:8:      minmay_the_grid_triangle_9x9_recursive_2
          [minmay_the_grid_triangle_9x9_prize_insulated,
          minmay_the_grid_triangle_9x9_semitri,
          minmay_the_grid_triangle_9x9_sprig,
          minmay_the_grid_triangle_9x9_skeleton], layout_loops_ring,
          lemuel_doored_altar, grunt_decor_fettered,
          minmay_fractal_squares_diagonal_5
D:9:      layout_long_grid, nicolae_qazlal_scattered_showers
D:10:     layout_basic, vehumet_statue, david_lair_shrubbed, uniq_maggie
D:11:     layout_grid_maze, nicolae_kikubaaqudgha_miasma_corner
D:12:     layout_basic, zombieorc1_lemuel, nicolae_ru_awakened_eye
D:13:     layout_basic, lightli_vaults_fourway_checkpoint, uniq_lodul,
          uniq_josephine
Lair:1:   layout_loops_ring, chequers_serial_rivers_micro_a, uniq_urug,
          uniq_amaemon, uniq_fannar
Lair:2:   layout_chaotic_city, hellmonk_spider_entry_not_the_bees,
          chequers_serial_rivers_micro_e, minivault_24
Lair:3:   layout_chaotic_city, minmay_shoals_entry_lonely_mermaid,
          beast_lair_carwin_1, grunt_megastairs_4, serial_bayou_shore_a,
          lemuel_fruit_tree
Lair:4:   layout_concentric_octagons, slime_entry_1, lemuel_centaur_altar
Lair:5:   grunt_lair_end_beastmaster, layout_gridlike,
          portal_ice_cave_entry_pillars_1, chequers_serial_rivers_micro_a,
          grunt_megastairs_1, infiniplex_staircase_pool_2

Skill      XL: |  1  2  3  4  5  6  7  8  9 10 11 12 13 14 |
---------------+-------------------------------------------+-----
Fighting       | 2 3 5 6 8 10 11 12 | 12.8
Stealth        | 1 |  1.3
Long Blades    | 3 |  3.1
Translocations | 1 2 3 4 6 7 8 |  8.3
Conjurations   | 1 2 3 4 6 7 8 9 |  9.0
Spellcasting   | 1 2 3 |  3.3
Shields        | 3 4 |  4.0
Dodging        | 3 4 |  4.5
Earth Magic    | 1 2 |  2.6
Ranged Weapons | 5 9 12 13 14 | 14.6
Transmutations | 3 4 |  4.9
Throwing       | |  1.7

Action                     |  1- 3 |  4- 6 |  7- 9 | 10-12 | 13-15 || total
---------------------------+-------+-------+-------+-------+-------++-------
  Melee: Long sword        |   163 |   122 |   233 |    15 |       ||   533
         Punch             |       |     3 |     1 |       |       ||     4
   Fire: Arbalest          |       |       |       |   239 |   370 ||   609
  Throw: Boomerang         |     2 |     3 |     4 |       |       ||     9
         Throwing net      |       |     5 |       |     1 |       ||     6
         Javelin           |       |     2 |       |       |       ||     2
         Dart              |       |     2 |       |       |       ||     2
   Cast: Momentum Strike   |       |    28 |    41 |     3 |       ||    72
         Blink             |       |     1 |     3 |    30 |    19 ||    53
         Stone Arrow       |       |       |     8 |   114 |    23 ||   145
         Iskenderun's Myst |       |       |       |       |    23 ||    23
         Irradiate         |       |       |       |       |     1 ||     1
  Evoke: Wand              |       |       |    19 |     1 |     1 ||    21
    Use: Scroll            |     6 |     4 |     8 |     8 |    15 ||    41
         Potion            |       |       |       |     1 |     2 ||     3
   Stab: Sleeping          |     3 |     3 |     3 |       |       ||     9
         Invisible         |       |     1 |       |       |       ||     1
 Armour: Leather armour    |    73 |    39 |   117 |    33 |       ||   262
         Steam dragon scal |       |       |       |    24 |    65 ||    89
  Dodge: Dodged            |   126 |    75 |   192 |   120 |   110 ||   623
  Block: Buckler           |       |       |    89 |     5 |       ||    94

Table legend: (Time is in decaauts)
 A = Elapsed time spent in this place.
 B = Non-inter-level travel time spent in this place.
 C = Inter-level travel time spent in this place.
 D = Time resting spent in this place.
 E = Time spent auto-exploring this place.
 F = Levels seen in this place.
 G = Mean time per level.
                   A        B        C        D        E       F      G
               +--------+--------+--------+--------+--------+-----+--------+
         Total |  19883 |  18959 |    924 |   1143 |  13947 |  20 |  994.2 |
       Dungeon |  13839 |  13158 |    681 |    835 |   9670 |  13 | 1064.5 |
          Lair |   4975 |   4732 |    243 |     56 |   3801 |   5 |  995.0 |
        Bailey |    551 |    551 |      0 |    202 |    214 |   1 |  551.0 |
      Ice Cave |    516 |    516 |      0 |     50 |    261 |   1 |  516.0 |
               +--------+--------+--------+--------+--------+-----+--------+

Top non-repeatable levels by time:
     D:8: 1982 daAuts
     D:7: 1652 daAuts
     D:4: 1379 daAuts
     D:3: 1367 daAuts
  Lair:5: 1300 daAuts
     D:6: 1211 daAuts
    D:10: 1147 daAuts
  Lair:3: 1054 daAuts
  Lair:4: 1013 daAuts
    D:11: 943 daAuts
     D:5: 929 daAuts
     D:1: 886 daAuts
     D:2: 845 daAuts
  Lair:1: 832 daAuts
    D:12: 795 daAuts
